cohdb
Replays
Latest Replays
All Replays
Popular Replays
Top Player Replays
Match Explorer
How It Works
Community
CoH3 Stats
Reddit
Sign in to upload your games and track your stats! →
Sign in with Steam
Match 44325841
Unlisted
Match 44325841
Overview
Messages
Build Orders
End
Construct Weapon Support Center
Engineer Squad
Selects Heavy Weapons
M1919 Machine Gun Team
M1919 Machine Gun Team
Engineer Squad
Construct Medical Station
Air Support Center
Bazooka Squad
Selects Assault Carriers
Gwangju's Hero Chun Doo-gwang
guxun
HONGHA
BlueJavaChip
AltoLivello ITA
Enigmas
JIN_47
龙公
0
0
Comments
sign in to comment!
No comments posted yet!